 Dungeon Crawl Stone Soup version 0.30-a0-1006-g5d778dfbfc (webtiles) character file.

Game seed: 1681673273713254725

154446 senseless the Fighter (level 16, -14/128 HPs)
             Began as a Demonspawn Reaver on Apr 3, 2023.
             Was the Champion of Cheibriados.
             Demolished by a titanic slime creature (33 damage)
             ... summoned by a boggart
             ... while petrified by Jawn's ghost
             ... on level 14 of the Dungeon on Apr 5, 2023.
             The game lasted 02:05:23 (28263 turns).

senseless the Fighter (Demonspawn Reaver)          Turns: 28263, Time: 02:05:23

Health: -14/128    AC: 38    Str: 31    XL:     16   Next: 78%
Magic:  20/30      EV:  2    Int: 33    God:    Cheibriados [******]
Gold:   2446       SH:  0    Dex: 38    Spells: 33/36 levels left

rFire   + . .      SeeInvis .    n - +7 falchion
rCold   + . .      Faith    .    H - +5 kite shield
rNeg    + + +      Spirit   .    A - +8 chain mail {Will+}
rPois   ∞          Reflect  .    G - +2 hat of the Last Stories {Dex+5}
rElec   .          Rampage  .    u - scarf {rC+ rF+}
rCorr   .          Clarity  +    l - +2 pair of gloves "Ucusyv" {Regen+ Int+3 Dex+2}
Will    ++...                    (no boots) Stlth
                                 c - amulet of regeneration
HPRegen 2.01/turn                g - +4 ring of protection
MPRegen 0.22/turn                K - +5 ring of evasion

@: petrified, sanguine armoured, very slow
A: hooves 1, foul stench 3, spiny 2, augmentation 1, sanguine armour 2, clarity,
MP-powered wands
}: 1/15 runes: gossamer
a: Renounce Religion, Bend Time, Temporal Distortion, Slouch, Step From Time


You were on level 14 of the Dungeon.
You worshipped Cheibriados.
Cheibriados was exalted by your worship.
You visited 4 branches of the dungeon, and saw 25 of its levels.
You also visited: Gauntlet.

You collected 3680 gold pieces.
You spent 1234 gold pieces at shops.

Inventory:

Hand Weapons
 e - a +1 heavy great sword
 n - a +7 falchion (weapon)
 t - a +3 arbalest
 y - a +3 longbow of flaming
 R - the +8 Vampire's Tooth {megavamp}
   (You found it on level 5 of the Dungeon)
Armour
 l - the +2 pair of gloves "Ucusyv" (worn) {Regen+ Int+3 Dex+2}
   (You acquired it on level 14 of the Dungeon)

   Int:       It affects your intelligence (+3).
   Dex:       It affects your dexterity (+2).
   Regen:     It increases your rate of health regeneration.
 u - a scarf of resistance (worn)
 A - a +8 chain mail of willpower (worn)
 G - the +2 hat of the Last Stories (worn) {Dex+5}
   (You found it on level 8 of the Dungeon)

   Dex:       It affects your dexterity (+5).
 H - a +5 kite shield (worn)
 S - a +2 cloak
Jewellery
 c - an amulet of regeneration (around neck)
 g - a +4 ring of protection (left hand)
 z - a ring of poison resistance
 K - a +5 ring of evasion (right hand)
 O - a ring of resist corrosion
 U - a ring of protection from fire
 V - a ring of willpower
Wands
 f - a wand of paralysis (18)
 p - a wand of polymorph (6)
 r - a wand of flame (15)
 I - a wand of roots (6)
 J - a wand of digging (3)
 Z - a wand of acid (10)
Scrolls
 a - 11 scrolls of identify
 d - 4 scrolls of fear
 i - 3 scrolls of blinking
 j - 2 scrolls of teleportation
 o - 5 scrolls of fog
 q - 8 scrolls of poison
 L - 2 scrolls of butterflies
 Y - 3 scrolls of amnesia
Potions
 b - a potion of magic
 h - 7 potions of curing
 k - a potion of mutation
 m - 6 potions of ambrosia
 s - 3 potions of attraction
 v - a potion of berserk rage
 w - 4 potions of might
 x - a potion of heal wounds
 C - 3 potions of cancellation
 D - 4 potions of flight
 E - 3 potions of brilliance
 F - 3 potions of resistance
 N - 3 potions of haste


   Skills:
 + Level 12.3 Fighting
 - Level 1.3(7.4) Short Blades
 + Level 11.5 Long Blades
 + Level 10.8 Armour
 + Level 11.3 Dodging
 + Level 9.3 Shields
 - Level 10.6 Spellcasting
 - Level 9.3 Conjurations
 - Level 11.0 Summonings


You had 33 spell levels left.
You knew the following spells:

 Your Spells              Type           Power      Damage    Failure   Level
b - Call Canine Familiar  Summ           74%        N/A       1%          3

Your spell library contained the following spells:

 Spells                   Type           Power      Damage    Failure   Level
 Magic Dart               Conj           100%       1d8       1%          1
 Call Imp                 Summ           74%        N/A       1%          2
 Kiss of Death            Conj/Necr      100%       2d13      2%          1
 Shock                    Conj/Air       100%       1d9       2%          1
 Momentum Strike          Conj/Tloc      96%        3d10      4%          2
 Hailstorm                Conj/Ice       48%        3d11      9%          3
 Iskenderun's Battlesphe  Conj           68%        2d12      12%         5
 Mephitic Cloud           Conj/Pois/Air  38%        N/A       16%         3
 Slow                     Hex            68%        N/A       21%         1
 Flame Wave               Conj/Fire      48%        2d12      28%         4
 Blink                    Tloc           34%        N/A       30%         2
 Lesser Beckoning         Tloc           34%        N/A       30%         2
 Confusing Touch          Hex            17%        N/A       52%         3
 Gell's Gravitas          Tloc           17%        N/A       52%         3
 Ignite Poison            Fire/Tmut/Pois 17%        N/A       52%         3
 Portal Projectile        Hex/Tloc       34%        N/A       52%         3
 Swiftness                Air            17%        N/A       52%         3
 Teleport Other           Tloc           17%        N/A       52%         3
 Tukima's Dance           Hex            17%        N/A       52%         3
 Vampiric Draining        Necr           17%        2d7       52%         3
 Vhi's Electric Charge    Tloc/Air       34%        N/A       52%         3
 Volatile Blastmotes      Fire/Tloc      34%        2d12      52%         3
 Arcjolt                  Conj/Air       24%        1d34      61%         5
 Freezing Cloud           Conj/Ice/Air   19%        6-21      83%         5
 Airstrike                Air            8%         2d(2-18)  89%         4
 Cause Fear               Hex            8%         N/A       89%         4
 Ice Form                 Ice/Tmut       17%        N/A       89%         4
 Leda's Liquefaction      Hex/Erth       8%         N/A       89%         4
 Manifold Assault         Tloc           17%        N/A       89%         4
 Passage of Golubria      Tloc           17%        N/A       89%         4
 Spellforged Servitor     Conj/Summ      35%        N/A       94%         7
 Yara's Violent Unravell  Hex/Tmut       8%         3d5       99%         5
 Iron Shot                Conj/Erth      24%        9d5       99%         6
 Starburst                Conj/Fire      24%        6d8       99%         6
 Plasma Beam              Fire/Air       8%         2x1d21    100%        6
 Simulacrum               Ice/Necr       8%         N/A       100%        6
 Dragon Form              Tmut           8%         N/A       100%        7
 Storm Form               Tmut/Air       8%         N/A       100%        7
 Dragon's Call            Summ           37%        N/A       100%        9


Dungeon Overview and Level Annotations

Branches:
Dungeon (14/15)            Temple (0/1) D:6            Lair (5/5) D:11
  Swamp (0/4) Lair:3       Spider (4/4) Lair:3        Slime (0/5) Lair:4
    Orc (2/2) D:12            Elf (0/3) Orc:2        Vaults (0/5) D:13
Gauntlet (visited)

Altars:
Ashenzari
Cheibriados
Dithmenos
Okawaru
Qazlal
Ru
Sif Muna
Uskayaw
Wu Jian
Xom
Yredelemnul
Jiyva

Shops:
D:1 =   D:3 *   Orc:2 ([[((

Annotations:
D:5 2 runed translucent doors
D:14 Jawn's ghost, journeyman GrEE


Innate Abilities, Weirdness & Mutations

You have large cloven feet.
You frequently emit foul miasma when damaged in melee.
You are mostly covered in sharp spines.
Your magical and physical power is slightly enhanced at high health.
When seriously injured, your blood forms thick armour. (AC +9)
You possess an exceptional clarity of mind.
You expend magic power (3 MP) to strengthen your wands.


Message History

The black bear rages.
The titanic slime creature is struck by your spines.
The titanic slime creature completely misses you.
Jawn's ghost is struck by your spines.
Jawn's ghost hits you but does no damage.
The titanic slime creature is struck by your spines.
The titanic slime creature hits you!!!!
Jawn's ghost points at you and mumbles some strange words.
The blast of sand hits you but does no damage.
The titanic slime creature is struck by your spines.
The titanic slime creature hits you!!!
Your blood congeals into armour.
You emit a cloud of foul miasma!
Two slime creatures merge to form a very large slime creature.
Jawn's ghost gestures at you while chanting.
You easily resist.
The titanic slime creature is engulfed in dark miasma.
The titanic slime creature seems to slow down.
The titanic slime creature is struck by your spines.
The titanic slime creature hits you but does no damage.
The titanic slime creature is no longer moving slowly.
The black bear rages.
Jawn's ghost hits you but does no damage.
The black bear rages.
The titanic slime creature is engulfed in dark miasma.
The titanic slime creature is poisoned.
The titanic slime creature hits you!!!
Jawn's ghost hits you but does no damage.
The titanic slime creature is engulfed in dark miasma.
The titanic slime creature seems to slow down.
The titanic slime creature hits you!!!
* * * LOW HITPOINT WARNING * * *
Jawn's ghost hits you but does no damage.
The titanic slime creature is no longer moving slowly.
Jawn's ghost wails, "They lied to you.
The Dungeon just goes down and down forever."
Jawn's ghost casts a spell at you.
The blast of sand hits you but does no damage.
The titanic slime creature is engulfed in dark miasma.
The titanic slime creature seems to slow down.
The titanic slime creature is struck by your spines.
The titanic slime creature hits you!!!
You die...

......8P...##...##♣♣♣♣♣
.#..............#♣♣...$ ♣♣
....P.8...#..#h.#♣....♣♣.
..............###♣.♣.!..♣♣
......<....#...#♣♣...♣)..♣♣
#............#.#♣:♣.♣♣....♣
#..........#...#♣?###'###"♣
#..........###.####⌠...⌠###
##........## #{.@Whc.....#
##......## ####JJ...####
######## #######


You could see a titanic slime creature (summoned, poisoned, slow), a very large
slime creature (summoned), a centaur warrior (summoned), a black bear (berserk)
and Jawn's ghost.

Vanquished Creatures
  Nikola (Spider:2)
  3 emperor scorpions
  3 ghost moths
  5 broodmothers
  A minotaur (Gauntlet)
  2 spark wasps
  2 entropy weavers
  Harold (D:9)
  A vault guard (D:13)
  4 hydras
  2 centaur warriors
  A jorogumo (Spider:2)
  2 boulder beetles
  3 catoblepae
  5 two-headed ogres
  5 tengu warriors
  5 orc high priests
  3 death yaks (Lair:5)
  A skyshark (Lair:4)
  Nergalle (D:11)
  2 sun moths
  5 pharaoh ants
  An orb spider (Spider:1)
  A steelbarb worm (Spider:4)
  A lindwurm (Lair:5)
  4 orc knights (Orc:2)
  2 manticores (Lair:5)
  2 ugly things
  A moth of wrath (Spider:4)
  16 wolf spiders
  4 orc sorcerers (Orc:2)
  4 cyclopes
  4 centaur zombies (D:14)
  11 elephants
  3 black mambas (Lair:3)
  3 gargoyles
  2 torpor snails
  4 cane toads
  9 demonic crawlers
  An efreet (D:13)
  2 rime drakes (Lair:5)
  A freezing wraith (D:14)
  4 komodo dragons
  6 kobold demonologists
  2 unseen horrors
  A tengu conjurer (D:13)
  5 trolls
  9 meliai
  22 tarantellas
  3 hornets
  2 dream sheep (Lair:5)
  15 blink frogs
  22 jumping spiders
  A meliai zombie (D:14)
  15 culicivoras
  2 spriggans
  3 shadows
  5 slime creatures
  2 wraiths
  2 wyverns (Lair:5)
  26 yaks
  A hog (shapeshifter) (D:14)
  5 basilisks
  Eustachio (D:5)
  5 steam dragons
  11 vampire mosquitoes
  42 redbacks
  3 acid dragons
  6 wargs
  Menkaure (D:5)
  Edmund (D:6)
  3 swamp worms
  12 water moccasins
  24 orc warriors
  A swamp drake (Lair:5)
  5 black bears
  3 sky beasts
  13 centaurs
  7 wolves
  2 ogres
  3 phantoms
  3 bullfrogs
  3 kobold brigands
  4 scorpions
  3 gnoll sergeants
  5 wights
  11 killer bees
  A vampire bat (D:9)
  9 howler monkeys
  4 hounds
  A jelly (Lair:4)
  4 small abominations (Gauntlet)
  17 orc priests
  2 gnoll boudas
  5 iguanas
  4 sleepcaps
  17 orc wizards
  11 adders
  16 gnolls
  7 white imps
  A worm (D:5)
  4 dart slugs
  74 orcs
  13 endoplasms
  4 giant cockroaches
  9 goblins
  6 hobgoblins
  12 kobolds
  7 quokkas
  9 ball pythons
  19 bats
  5 frilled lizards
  3 rats
723 creatures vanquished.

Vanquished Creatures (collateral kills)
  Arachne (Spider:2)
  Asterion (Spider:2)
  An emperor scorpion (Spider:4)
  Nessos (Lair:5)
  A spark wasp (Spider:2)
  A dire elephant (Lair:5)
  2 entropy weavers
  A fire dragon (Lair:5)
  2 hydras
  A jorogumo (Spider:2)
  A catoblepas (Lair:5)
  Erica (D:11)
  A centaur warrior (D:13)
  A deep elf knight (D:13)
  A skeletal warrior (D:14)
  3 orb spiders
  A bog body (Lair:3)
  2 lindwurms
  A swamp dragon (Lair:5)
  An orc knight (Orc:2)
  A deep elf pyromancer (D:13)
  An oklob plant (Lair:3)
  An ugly thing (D:11)
  A salamander (shapeshifter) (D:13)
  A cyclops (D:12)
  4 wolf spiders
  6 elephants
  2 moths of wrath
  3 centaur zombies (D:14)
  A demonic crawler (Spider:1)
  2 rime drakes
  2 unseen horrors (D:12)
  A freezing wraith (D:14)
  An ice devil (Gauntlet)
  2 komodo dragons (Lair:5)
  3 meliai
  3 blink frogs
  A tarantella (Spider:4)
  3 jumping spiders
  2 vampires
  2 culicivoras (Spider:1)
  4 yaks
  7 redbacks
  2 basilisks (Lair:5)
  2 vampire mosquitoes
  2 swamp worms (Lair:3)
  4 water moccasins
  An orc warrior (Orc:2)
  2 ice beasts
  An ogre (Orc:1)
  A centaur (D:14)
  A bullfrog (Lair:1)
  3 wights (D:9)
  An electric eel (Lair:3)
  4 orc priests
  A jelly (Lair:4)
  An iguana (Lair:5)
  6 orc wizards
  5 gnolls
  15 orcs
  2 endoplasms (Lair:4)
  3 kobolds (D:9)
136 creatures vanquished.

Vanquished Creatures (others)
  3 tarantellas
  2 jumping spiders
  2 culicivoras (Spider:2)
  A vampire (D:13)
  A swamp drake (Lair:5)
  A worm (shapeshifter) (D:13)
  11 fungi
  26 plants
47 creatures vanquished.

Grand Total: 906 creatures vanquished

Notes
Turn   | Place    | Note
-------+----------+-------------------------------------------
     0 | D:1      | senseless the Demonspawn Reaver began the quest for the
                  | Orb.
     0 | D:1      | Reached XP level 1. HP: 16/16 MP: 3/3
   112 | D:1      | Found Xint's Jewellery Shop.
   307 | D:1      | Gained mutation: You may rarely emit foul miasma when
                  | damaged in melee. [demonic ancestry]
   307 | D:1      | Reached XP level 2. HP: 6/22 MP: 5/5
   950 | D:2      | Gained mutation: When seriously injured, your blood forms
                  | armour. (AC +9) [demonic ancestry]
   950 | D:2      | Reached XP level 3. HP: 28/28 MP: 6/6
  1122 | D:2      | Reached XP level 4. HP: 20/34 MP: 7/7
  1394 | D:2      | Identified the +2 robe of the Moon Troll {rPois}
  1991 | D:3      | Found Ungir's Assorted Antiques.
  2078 | D:3      | Found a shimmering altar of Xom.
  2409 | D:3      | Learned a level 3 spell: Call Canine Familiar
  2718 | D:4      | Noticed a phantom
  2732 | D:4      | Killed a phantom
  2733 | D:4      | Reached skill level 3 in Fighting
  2733 | D:4      | Reached XP level 5. HP: 32/41 MP: 9/9
  2783 | D:4      | Reached skill level 1 in Summonings
  3011 | D:4      | Gained mutation: You sometimes emit foul miasma when
                  | damaged in melee. [demonic ancestry]
  3011 | D:4      | Reached XP level 6. HP: 46/47 MP: 10/10
  3092 | D:4      | Found an iron altar of Okawaru.
  3360 | D:4      | Found a snail-covered altar of Cheibriados.
  3372 | D:4      | Became a worshipper of Cheibriados the Contemplative
  3671 | D:4      | Reached * piety under Cheibriados
  3941 | D:5      | Entered Level 5 of the Dungeon
  3955 | D:5      | Gained mutation: You frequently emit foul miasma when
                  | damaged in melee. [demonic ancestry]
  3955 | D:5      | Reached XP level 7. HP: 26/53 MP: 12/12
  4335 | D:5      | Found a large runed translucent door.
  4336 | D:5      | Found a large runed translucent door.
  4339 | D:5      | Found a large runed translucent door.
  4339 | D:5      | Found a large runed translucent door.
  4414 | D:3      | Bought a shiny chain mail for 150 gold pieces
  4484 | D:5      | Noticed Eustachio
  4491 | D:5      | Killed Eustachio
  4492 | D:5      | Reached skill level 4 in Fighting
  4506 | D:5      | Reached skill level 1 in Armour
  4590 | D:5      | Found a stormy altar of Qazlal.
  4656 | D:5      | Found a broken altar of Ashenzari.
  4682 | D:5      | Noticed a gargoyle
  4783 | D:5      | Noticed Menkaure
  4830 | D:5      | Gained mutation: When seriously injured, your blood forms
                  | thick armour. (AC +9) [demonic ancestry]
  4830 | D:5      | Reached XP level 8. HP: 29/61 MP: 14/14
  4836 | D:5      | Killed Menkaure
  4885 | D:5      | Reached ** piety under Cheibriados
  5031 | D:5      | Noticed a two-headed ogre
  5045 | D:5      | Killed a two-headed ogre
  5046 | D:5      | Reached skill level 5 in Fighting
  5046 | D:5      | Reached skill level 5 in Long Blades
  5126 | D:5      | Found the +8 Vampire's Tooth {megavamp}
  5216 | D:5      | Gained mutation: You are partially covered in sharp spines.
                  | [demonic ancestry]
  5216 | D:5      | Reached XP level 9. HP: 64/68 MP: 16/16
  5230 | D:5      | Reached skill level 5 in Dodging
  5237 | D:5      | Reached skill level 1 in Short Blades
  5357 | D:5      | Reached skill level 5 in Spellcasting
  5591 | D:5      | Found a shimmering blue altar of Sif Muna.
  5871 | D:5      | Killed a gargoyle
  6218 | D:6      | Found a basalt altar of Yredelemnul.
  6428 | D:6      | Noticed Edmund
  6440 | D:6      | Killed Edmund
  6485 | D:6      | Reached skill level 5 in Summonings
  6677 | D:6      | Reached *** piety under Cheibriados
  6678 | D:6      | Reached skill level 6 in Fighting
  6771 | D:6      | Found a staircase to the Ecumenical Temple.
  7477 | D:7      | Gained mutation: You are mostly covered in sharp spines.
                  | [demonic ancestry]
  7477 | D:7      | Reached XP level 10. HP: 74/76 MP: 15/18
  7795 | D:7      | Reached **** piety under Cheibriados
  8248 | D:8      | Identified the +0 pair of boots "Bianlo" {Int+5}
  8638 | D:8      | Found a sacrificial altar of Ru.
  8641 | D:8      | Found an ornate altar of the Wu Jian Council.
  8653 | D:8      | Found a hide-covered altar of Uskayaw.
  8980 | D:8      | Reached skill level 7 in Fighting
  8980 | D:8      | Reached skill level 5 in Armour
  8984 | D:8      | Identified the +2 hat of the Last Stories {Dex+5}
  9153 | D:9      | Noticed Harold
  9165 | D:9      | Killed Harold
  9166 | D:9      | Reached skill level 1 in Shields
  9167 | D:9      | Paralysed by a hornet for 2 turns
  9169 | D:9      | Reached ***** piety under Cheibriados
  9331 | D:9      | Noticed a two-headed ogre
  9339 | D:9      | Killed a two-headed ogre
  9340 | D:9      | Reached XP level 11. HP: 41/84 MP: 17/21
  9478 | D:9      | Identified the +0 falchion of Atecoket {speed, rElec rPois
                  | rF- rCorr}
 10075 | D:10     | Entered Level 10 of the Dungeon
 10882 | D:11     | Found a staircase to the Lair.
 11180 | D:11     | Noticed Nergalle
 11192 | D:11     | Killed Nergalle
 11378 | D:11     | Gained mutation: You expend magic power (3 MP) to
                  | strengthen your wands. [potion of mutation]
 11378 | D:11     | Gained mutation: You possess an exceptional clarity of
                  | mind. [potion of mutation]
 11409 | D:11     | Noticed Erica
 11416 | D:11     | Killed Erica
 11471 | D:11     | Reached skill level 8 in Fighting
 11479 | D:11     | Noticed a two-headed ogre
 11678 | D:11     | Killed a two-headed ogre
 11852 | D:11     | Noticed a green ugly thing
 11862 | D:11     | Killed a green ugly thing
 11966 | D:11     | Found a shadowy altar of Dithmenos.
 12372 | D:12     | Noticed a centaur warrior
 12382 | D:12     | Killed a centaur warrior
 12383 | D:12     | Gained mutation: You have large cloven feet. [demonic
                  | ancestry]
 12383 | D:12     | Reached XP level 12. HP: 38/93 MP: 21/23
 12569 | D:12     | Reached skill level 5 in Conjurations
 12571 | D:12     | Reached ****** piety under Cheibriados
 12697 | D:12     | Found a staircase to the Orcish Mines.
 12711 | D:12     | Noticed a two-headed ogre
 12716 | D:12     | Killed a two-headed ogre
 12779 | D:12     | Noticed a six-headed hydra
 12793 | D:12     | Killed an eight-headed hydra
 13351 | D:12     | Noticed a catoblepas
 13351 | D:12     | Noticed a two-headed ogre
 13364 | D:12     | Killed a two-headed ogre
 13385 | D:12     | Killed a catoblepas
 13606 | D:12     | Noticed a boulder beetle
 13620 | D:12     | Killed a boulder beetle
 14060 | D:12     | Upgraded the game from 0.30-a0-989-g0d87f670db to
                  | 0.30-a0-996-ga6910c8ee8
 14080 | D:13     | Found a gate leading to a gauntlet.
 14088 | Gauntlet | Entered a Gauntlet
 14088 | Gauntlet | Found a transporter.
 14098 | Gauntlet | Found a transporter.
 14101 | Gauntlet | Found a transporter.
 14102 | Gauntlet | Found a transporter.
 14110 | Gauntlet | Found a transporter.
 14111 | Gauntlet | Found the +8 trishula "Condemnation" {holy, anguish, *Noise
                  | Fly rN+}
 14113 | Gauntlet | Found a transporter.
 14114 | Gauntlet | Found a transporter.
 14123 | Gauntlet | Found a transporter.
 14126 | Gauntlet | Found a transporter.
 14127 | Gauntlet | Found a transporter.
 14132 | Gauntlet | Noticed an entropy weaver
 14138 | Gauntlet | Found a transporter.
 14139 | Gauntlet | Found a transporter.
 14140 | Gauntlet | Found a transporter.
 14150 | Gauntlet | Found a transporter.
 14393 | Gauntlet | Identified the +3 spear of Hacking and Slashing {holy,
                  | rCorr Dex+3 Stlth+}
 14565 | Gauntlet | Killed an entropy weaver
 14872 | Gauntlet | Identified the staff of conjuration "Tywunimn" {rCorr}
 14872 | Gauntlet | Noticed a minotaur
 14884 | Gauntlet | Killed a minotaur
 14885 | Gauntlet | Reached skill level 9 in Fighting
 15017 | Gauntlet | Got the Codex of Wounds
 15048 | D:13     | Noticed a tengu warrior
 15062 | D:13     | Killed a tengu warrior
 15063 | D:13     | Reached skill level 5 in Shields
 15063 | D:13     | Gained mutation: Your magical and physical power is
                  | slightly enhanced at high health. [demonic ancestry]
 15063 | D:13     | Reached XP level 13. HP: 79/101 MP: 23/25
 16009 | D:13     | Found a gate to the Vaults.
 16479 | D:1      | Bought an amulet of regeneration for 420 gold pieces
 16648 | Lair:1   | Entered Level 1 of the Lair of Beasts
 18669 | Lair:3   | Found a hole to the Spider Nest.
 18870 | Lair:3   | Found a staircase to the Swamp.
 18985 | Lair:3   | Reached XP level 14. HP: 109/109 MP: 23/27
 19496 | Lair:4   | Reached skill level 10 in Fighting
 19714 | Lair:4   | Found a viscous altar of Jiyva.
 19714 | Lair:4   | Found a staircase to the Slime Pits.
 20332 | Lair:5   | Entered Level 5 of the Lair of Beasts
 20393 | Lair:5   | Found a basalt altar of Yredelemnul.
 20473 | Lair:5   | Noticed Nessos
 20485 | Lair:5   | Killed Nessos
 21199 | Lair:5   | Reached skill level 10 in Summonings
 21332 | Lair:5   | Identified a scroll of acquirement
 21333 | Lair:5   | Acquired 954 gold pieces
 21435 | Spider:1 | Entered Level 1 of the Spider Nest
 21660 | D:1      | Bought a ring of poison resistance for 280 gold pieces
 22111 | Spider:1 | Reached XP level 15. HP: 102/117 MP: 28/28
 22131 | Spider:1 | Reached skill level 10 in Long Blades
 22163 | Spider:1 | Upgraded the game from 0.30-a0-996-ga6910c8ee8 to
                  | 0.30-a0-1006-g5d778dfbfc
 22227 | Spider:1 | Reached skill level 10 in Spellcasting
 22660 | Spider:2 | Noticed Arachne
 22871 | Spider:2 | Reached skill level 10 in Dodging
 22977 | Spider:2 | Killed Arachne
 23004 | Spider:2 | Reached skill level 11 in Fighting
 24040 | Spider:2 | You fall into a shaft and drop 1 floor!
 24058 | Spider:3 | Noticed an emperor scorpion
 24060 | Spider:3 | Noticed Nikola
 24078 | Spider:3 | Noticed Asterion
 24091 | Spider:3 | Noticed an Executioner
 24258 | Spider:2 | Killed Asterion
 24558 | Spider:3 | Killed an emperor scorpion
 24702 | Spider:2 | Killed Nikola
 24996 | Spider:4 | Entered Level 4 of the Spider Nest
 25093 | Spider:4 | Reached XP level 16. HP: 79/126 MP: 30/30
 25304 | Spider:4 | Reached skill level 10 in Armour
 25800 | Spider:4 | Got a gossamer rune of Zot
 26424 | Orc:1    | Entered Level 1 of the Orcish Mines
 26808 | Orc:2    | Entered Level 2 of the Orcish Mines
 26808 | Orc:2    | Found a staircase to the Elven Halls.
 27024 | Orc:2    | Reached skill level 12 in Fighting
 27098 | Orc:2    | Found Tymarghu's Antique Weapon Boutique.
 27111 | Orc:2    | Bought a glowing long sword for 156 gold pieces
 27309 | Orc:2    | Found Itisixy's Antique Armour Emporium.
 27309 | Orc:2    | Found Potod's Antique Weapon Shop.
 27311 | Orc:2    | Found Zusy's Antique Weapon Shop.
 27311 | Orc:2    | Found Byokeul's Armour Emporium.
 27320 | Orc:2    | Bought a runed great sword for 228 gold pieces
 27830 | D:14     | Acquired the +2 pair of gloves "Ucusyv" {Regen+ Int+3
                  | Dex+2}
 28083 | D:14     | Found a runed translucent door.
 28086 | D:14     | Noticed Jawn's ghost (journeyman GrEE)
 28086 | D:14     | Identified the +1 trident of Defiance {chaos, rC- rN+++
                  | Will+}
 28263 | D:14     | Demolished by a titanic slime creature

Illustrated notes

Levels and vault maps discovered:
D:1:      psy_arrival_radial02, layout_loops_ring, serial_shops, shop
D:2:      layout_loops_ring, nrook_campfire, minmay_vboxes
D:3:      layout_basic, mainiacjoe_overflow_tiny_flanked, serial_shops,
          nicolae_shop_hallway_plus, minmay_misc_feat_more_columns, hex_tiny,
          small_statue_intersection, minmay_fractal_squares_diagonal_5
D:4:      layout_basic, mainiacjoe_overflow_six_doors_small, old_standard_altar,
          grunt_ministairs_2, serial_bayou_pond_b, nicolae_half_adder
D:5:      layout_loops_corners, general_overflow_altar, lemuel_blue_sif_altar,
          mainiacjoe_overflow_24_doors, minmay_hollow_rounded_squares,
          uniq_eustachio, uniq_menkaure
D:6:      layout_basic, mainiacjoe_overflow_boulevard,
          minmay_temple_entry_waves, grunt_ministairs_8, uniq_edmund
D:7:      layout_basic
D:8:      layout_basic, grunt_temple_overflow_cloverleaf, the_hattery
D:9:      layout_basic, chequers_serial_rivers_large_b, roderic_batcave,
          uniq_harold
D:10:     layout_loops_ring
D:11:     layout_loops_corners, erik_lair_orcish_takeover, serial_glass,
          glass_columns_c, glass_columns_a, item_on_display_a,
          nicolae_dithmenos_shadow_blocks, uniq_erica, uniq_nergalle
D:12:     cheibrodos_barr_body, layout_cave_pods, orc_0_dummy,
          hangedman_abyss_or_decor_clamps
D:13:     layout_basic, david_vaults_5, gauntlet_entry_generic, minivault_27
D:14:     layout_rooms, serial_undead, serial_undead_f, serial_undead_a,
          serial_undead_e, serial_undead_d, serial_undead_e,
          ebering_ghost_funeral_grove
Lair:1:   layout_regular_city
Lair:2:   layout_cave_pods, beast_lair_carwin_2
Lair:3:   layout_gridlike, nicolae_swamp_entry_splash_gauntlet,
          spider_nest_entry_rubble
Lair:4:   layout_concentric_octagons, nicolae_slime_entry_slimehenge
Lair:5:   hangedman_lair_in_review, layout_misc_corridors,
          guppyfry_lair_end_dragon, basic_altar, uniq_nessos
Spider:1: layout_spider_delve
Spider:2: layout_cave_pods, uniq_arachne
Spider:3: layout_spider_delve, nicolae_spider_some_kinda_spiderbox,
          uniq_asterion, uniq_nikola
Spider:4: guppyfry_spider_rune
Orc:1:    layout_caves
Orc:2:    grunt_orc_tribal_feast, layout_diamond_mine, serial_shops,
          nicolae_shop_statue_plus

Skill      XL: |  1  2  3  4  5  6  7  8  9 10 11 12 13 14 15 16 |
---------------+-------------------------------------------------+-----
Dodging        | 2 3 4 5 6 7 8 9 10 11 | 11.3
Long Blades    | 3 4 5 6 7 8 9 10 11 | 11.5
Fighting       | 3 4 5 6 7 8 9 10 11 12 | 12.3
Summonings     | 1 2 3 4 5 6 7 8 9 10 11 | 11.0
Spellcasting   | 3 4 5 6 7 8 9 10 | 10.6
Armour         | 1 3 4 5 6 7 8 9 10 | 10.8
Short Blades   | 1 |  1.3
Shields        | 1 3 5 6 7 8 9 |  9.3
Conjurations   | 4 6 7 8 9 |  9.3

Action                     |  1- 3 |  4- 6 |  7- 9 | 10-12 | 13-15 | 16-18 || total
---------------------------+-------+-------+-------+-------+-------+-------++-------
  Melee: Falchion          |   116 |   278 |   249 |   544 |   884 |   485 ||  2556
         Punch             |     1 |     2 |     3 |     1 |       |       ||     7
         Quick blade       |       |       |    53 |       |    57 |       ||   110
         Kick              |       |       |       |       |   258 |   243 ||   501
  Throw: Throwing net      |       |     1 |     1 |       |       |       ||     2
   Cast: Call Canine Famil |       |       |     4 |    37 |    96 |    36 ||   173
 Invoke: Slouch            |       |       |       |       |     4 |     2 ||     6
  Evoke: Wand              |       |       |       |       |     2 |       ||     2
    Use: Scroll            |       |     5 |    11 |    19 |    18 |     2 ||    55
         Potion            |       |       |     3 |     1 |     9 |       ||    13
   Stab: Sleeping          |     1 |     2 |       |       |       |       ||     3
         Distracted        |       |       |     3 |     5 |    30 |     6 ||    44
         Petrified         |       |       |       |     1 |     2 |       ||     3
 Armour: Leather armour    |    54 |    13 |       |       |       |       ||    67
         Robe              |       |   113 |    23 |       |       |       ||   136
         Chain mail        |       |       |   137 |   235 |   513 |   202 ||  1087
         Skin              |       |       |     5 |       |       |       ||     5
  Dodge: Dodged            |    64 |   205 |   158 |   398 |  1050 |   421 ||  2296
  Block: Kite shield       |       |       |       |   394 |  1224 |   684 ||  2302

Table legend: (Time is in decaauts)
 A = Elapsed time spent in this place.
 B = Non-inter-level travel time spent in this place.
 C = Inter-level travel time spent in this place.
 D = Time resting spent in this place.
 E = Time spent auto-exploring this place.
 F = Levels seen in this place.
 G = Mean time per level.
                   A        B        C        D        E       F      G
               +--------+--------+--------+--------+--------+-----+--------+
         Total |  42219 |  37323 |   4896 |   1216 |  29026 |  26 | 1623.8 |
       Dungeon |  23941 |  21094 |   2847 |    557 |  16949 |  14 | 1710.1 |
          Lair |   8990 |   7668 |   1322 |     63 |   6484 |   5 | 1798.0 |
   Spider Nest |   6072 |   5558 |    514 |    454 |   3599 |   4 | 1518.0 |
  Orcish Mines |   1921 |   1709 |    212 |     61 |   1269 |   2 |  960.5 |
      Gauntlet |   1294 |   1294 |      0 |     81 |    724 |   1 | 1294.0 |
               +--------+--------+--------+--------+--------+-----+--------+

Top non-repeatable levels by time:
    D:12: 3302 daAuts
    D:11: 2585 daAuts
     D:5: 2540 daAuts
  Lair:3: 2309 daAuts
Spider:2: 2040 daAuts
  Lair:1: 1910 daAuts
     D:6: 1900 daAuts
    D:13: 1893 daAuts
  Lair:5: 1843 daAuts
  Lair:2: 1769 daAuts
     D:4: 1745 daAuts
Spider:4: 1733 daAuts
     D:9: 1595 daAuts
    D:10: 1524 daAuts
     D:8: 1486 daAuts
